 Dungeon Crawl Stone Soup version 0.29.0-4-gdea44cf6ec (webtiles) character file.

Game seed: 14808133639762057772

150 qw the Sneak (level 5, -4/32 HPs)
             Began as a Gargoyle Delver on Sept 10, 2022.
             Slain by a gnoll
             ... wielding a +0 halberd
              (12 damage)
             ... on level 2 of the Dungeon.
             The game lasted 00:00:51 (1689 turns).

qw the Sneak (Gargoyle Delver)                      Turns: 1689, Time: 00:00:52

Health: -4/32      AC:  9    Str: 17    XL:     5   Next: 32%
Magic:  5/5        EV: 10    Int: 11    God:
Gold:   40         SH:  0    Dex: 11    Spells: 4/4 levels left

rFire   . . .      SeeInvis .   Y - +0 hand axe
rCold   . . .      Faith    .   (no shield)
rNeg    + . .      Spirit   .   k - +0 ring mail
rPois   inf        Reflect  .   (no helmet)
rElec   +          Harm     .   (no cloak)
rCorr   .          Rampage  .   (no gloves)
Will    .....                   (no boots)
Stlth   ++........              i - amulet of the acrobat
HPRegen 0.10/turn               (no ring)
MPRegen 0.09/turn               (no ring)

@: no status effects
A: sickness immunity, AC +4, negative energy resistance 1, electricity
resistance, torment resistance 1, petrification resistance
a: no special abilities


You were on level 2 of the Dungeon.
You visited 1 branch of the dungeon, and saw 5 of its levels.

You collected 40 gold pieces.


Innate Abilities, Weirdness & Mutations

You are immune to sickness and miasma.
Your stone body is resilient. (AC +4)
You are immune to poison.
You resist negative energy. (rN+)
You are resistant to electric shocks. (rElec)
You are resistant to unholy torment.
You are immune to petrification.


   Skills:
 - Level 3.2 Fighting
 - Level 4.9 Axes
 + Level 0.0 Armour
 - Level 1.5 Dodging
 - Level 5.4 Stealth


You had 4 spell levels left.
You didn't know any spells.
Your spell library was empty.

Inventory:

Hand Weapons
 o - a +0 club
 Y - a +0 hand axe (weapon)
Armour
 k - a +0 ring mail (worn)
Jewellery
 i - an amulet of the acrobat (around neck)
Wands
 g - a wand of digging (3)
Scrolls
 d - a scroll of identify
Potions
 e - a potion of degeneration {unknown}
 f - a potion of haste
 l - a potion of resistance {unknown}
 m - a potion of heal wounds {unknown}

Dungeon Overview and Level Annotations

Branches:
Dungeon (5/15)
 Temple: D:4-7

Altars:


Message History

You completely miss the quokka.
The quokka is severely wounded.
The quokka barely misses you.
You closely miss the quokka.
The quokka is severely wounded.
The quokka bites you but does no damage.
You closely miss the quokka.
The quokka is severely wounded.
The quokka bites you but does no damage.
You hit the quokka.
You kill the quokka!
You start resting.
HP restored.
There is a stone staircase leading up here.
You see here a bat skeleton.
A gnoll comes into view. It is wielding a +0 halberd.
There is a stone staircase leading down here.
The gnoll completely misses you.
Items here: % )) =.
You hit the gnoll but do no damage. The gnoll closely misses you.
You hit the gnoll.
The gnoll is moderately wounded.
The gnoll hits you with a +0 halberd!
You hit the gnoll but do no damage.
The gnoll is moderately wounded.
The gnoll hits you with a +0 halberd.
You hit the gnoll but do no damage.
The gnoll is moderately wounded.
The gnoll hits you but does no damage.
You barely miss the gnoll.
The gnoll is moderately wounded.
The gnoll barely misses you.
You barely miss the gnoll.
The gnoll is moderately wounded.
The gnoll hits you with a +0 halberd!
You closely miss the gnoll.
The gnoll is moderately wounded.
The gnoll hits you with a +0 halberd!
You die...

#..# #..#
#.# #...
... ..# #.#
... ... #.#
#.### #.#
#... #.#
###%### #.#
#.>@g>#
#.###%###.#
#..<..# ..
###.#.# ...
#.#.(. '#'
#.###.# #
#.# ... #.#
##. ... #


You could see a gnoll.

Vanquished Creatures
  A phantom (D:4)
  2 adders
  A gnoll (D:2)
  A worm (D:3)
  A dart slug (D:1)
  2 orcs
  5 endoplasms
  A goblin (D:3)
  4 hobgoblins
  A jackal (D:3)
  4 kobolds
  3 quokkas
  9 ball pythons (D:1)
  3 bats
  A frilled lizard (D:1)
  A rat (D:1)
40 creatures vanquished.

Vanquished Creatures (others)
  A plant (D:2)
1 creature vanquished.

Grand Total: 41 creatures vanquished

Notes
Turn   | Place    | Note
-------+----------+-------------------------------------------
     0 | D:5      | qw the Gargoyle Delver began the quest for the Orb.
     0 | D:5      | Reached XP level 1. HP: 14/14 MP: 1/1
     0 | D:5      | 0 ||| qw: Version: 0.1-a-116-g5d60599
     0 | D:5      | 0 ||| qw: Game counter: 9246
     0 | D:5      | 0 ||| qw: Always use a shield: true
     0 | D:5      | 0 ||| qw: God list: Okawaru
     0 | D:5      | 0 ||| qw: Allow faded altars: false
     0 | D:5      | 0 ||| qw: Do Orc after D:15 true
     0 | D:5      | 0 ||| qw: Do second Lair branch before Depths: true
     0 | D:5      | 0 ||| qw: Lair rune preference: random
     0 | D:5      | 0 ||| qw: Plans: Normal
     0 | D:5      | 0 ||| PLANNING D:1-11
     3 | D:5      | 3 ||| DROPPING scroll of fog.
     4 | D:5      | 4 ||| DROPPING scroll of magic mapping.
     5 | D:5      | 5 ||| DROPPING scroll of fear.
    33 | D:4      | Reached XP level 2. HP: 10/19 MP: 2/2
   335 | D:4      | Noticed a phantom
   359 | D:4      | Killed a phantom
   360 | D:4      | Reached XP level 3. HP: 7/23 MP: 3/3
   360 | D:4      | Reached XP level 4. HP: 8/28 MP: 4/4
   599 | D:4      | Noticed a black bear
   705 | D:3      | 705 ||| STAIRDANCE
   720 | D:2      | HP: 7/28 [gnoll/+0 whip (1)]
   726 | D:2      | Reached XP level 5. HP: 5/32 MP: 5/5
   760 | D:2      | 760 ||| FLEEEEING.
   761 | D:2      | 761 ||| FLEEEEING.
   763 | D:2      | 763 ||| STAIRDANCE
  1008 | D:1      | 1008 ||| Stepping ~*~*~tactically~*~*~ (stealth).
  1016 | D:1      | 1016 ||| Stepping ~*~*~tactically~*~*~ (stealth).
  1165 | D:1      | 1165 ||| Stepping ~*~*~tactically~*~*~ (stealth).
  1171 | D:1      | 1171 ||| Stepping ~*~*~tactically~*~*~ (stealth).
  1610 | D:1      | 1610 ||| UPGRADING to +0 ring mail.
  1620 | D:1      | 1620 ||| DROPPING +0 leather armour.
  1621 | D:1      | 1621 ||| UPGRADING to amulet of the acrobat.
  1626 | D:1      | 1626 ||| READING scroll labelled TITAGGIBLO.
  1627 | D:1      | 1627 ||| READING 2 scrolls labelled VUPTIT LIATEPS.
  1628 | D:1      | 1628 ||| READING scroll labelled ONA UTEACVUUNEI.
  1631 | D:1      | 1631 ||| READING scroll labelled FUTHRU YTHRYGIDELY.
  1632 | D:1      | 1632 ||| READING 2 scrolls labelled CUJEGY KYPRY.
  1633 | D:1      | 1633 ||| DROPPING scroll of immolation.
  1647 | D:2      | 1647 ||| Stepping ~*~*~tactically~*~*~ (stealth).
  1649 | D:2      | 1649 ||| Stepping ~*~*~tactically~*~*~ (stealth).
  1650 | D:2      | 1650 ||| Stepping ~*~*~tactically~*~*~ (stealth).
  1651 | D:2      | 1651 ||| Stepping ~*~*~tactically~*~*~ (stealth).
  1688 | D:2      | HP: 8/32 [gnoll/+0 halberd (10)]
  1689 | D:2      | Slain by a gnoll

Levels and vault maps discovered:
D:1:      spicycebolla_green_bress_n_ham, layout_rooms, minmay_cut_off
D:2:      layout_loops_ring, shapermc_ecumenical_altar_petra, serial_shops,
          nicolae_shop_overgrown_old_shop, nicolae_shop_waterfront,
          minmay_rat_gold_closets
D:3:      layout_loops_ring, chequers_serial_rivers_micro_b, minmay_pentangle
D:4:      layout_layer_cave, grunt_gozag_statues,
          mainiacjoe_overflow_six_doors_small, uniq_edmund, uniq_pikel
D:5:      layout_basic, uniq_blork_the_orc

Skill      XL: |  1  2 |
---------------+-------+-----
Axes           | 2 4 |  4.9
Fighting       | |  3.2
Dodging        | |  1.5
Stealth        | |  5.4

Action                   |  1- 3 |  4- 6 || total
-------------------------+-------+-------++-------
Melee: Hand axe          |    42 |   107 ||   149
       Punch             |     1 |     1 ||     2
  Use: Scroll            |       |     5 ||     5
 Stab: Sleeping          |       |     3 ||     3
       Distracted        |       |     1 ||     1
Armor: Leather armour    |     9 |    33 ||    42
       Ring mail         |       |     4 ||     4
Dodge: Dodged            |    27 |    55 ||    82

Table legend:
 A = Non-vault XP
 B = Vault XP
 C = Vault XP percentage of total XP
 D = Non-vault monster count
 E = Vault monster count
 F = Vault count percentage of total count
                 A         B        C        D         E       F
            +---------+---------+-------+---------+---------+-------
      Total |     211 |       4 |   1.9 |      37 |       3 |   7.5
            +---------+---------+-------+---------+---------+-------
        D:1 |      35 |       4 |  10.3 |      21 |       3 |  12.5
        D:2 |      24 |       0 |   0.0 |       6 |       0 |   0.0
        D:3 |      22 |       0 |   0.0 |       4 |       0 |   0.0
        D:4 |     130 |       0 |   0.0 |       6 |       0 |   0.0
            +---------+---------+-------+---------+---------+-------
